[Event "Romanian Rapid Open 2022"]
[Site "Sebes"]
[Date "2022.12.02"]
[Round "7.11"]
[White "Tampea, Radu"]
[Black "Baratosi, Daniel"]
[Result "0-1"]
[ECO "B07"]
[WhiteElo "2110"]
[BlackElo "2335"]
[Annotator "TA"]
[PlyCount "104"]
[EventDate "2022.12.02"]
[EventType "rapid"]
[EventCountry "ROU"]
[SourceTitle "playchess.com"]
[Source "ChessBase"]
[SourceQuality "1"]
[TimeControl "600+5"]

1. d4 d6 2. e4 Nf6 3. Nc3 c6 4. Be3 Qa5 5. f3 e5 6. Bc4 {[%emt 0:00:42] B07: Pirc Defence: Miscellaneous Systems.} Nbd7 7. a3 Be7 8. Nge2 {[%emt 0:00:01] White is slightly better.} O-O 9. O-O {[%emt 0:00:02] [#]} b5 $146 ({Predecessor:} 9... Qc7 10. g4 d5 11. exd5 Nb6 12. Ba2 Rd8 13. Bf2 Nfxd5 14. Nxd5 Nxd5 15. c4 Nf6 {½-½ (53) Lemmers,O (2370)-Galego,L (2440) Sas van Gent 1994}) 10. Bb3 Bb7 (10... Qc7 $11) 11. Ng3 $36 {[%emt 0:00:14][%mdl 2048] White has some pressure.} Rfe8 12. Qe2 ({White should play} 12. Nf5 $16) 12... Bf8 $14 13. Nf5 (13. dxe5 {simplifies} Nxe5 14. Rad1 Qc7 15. f4) 13... a6 (13... exd4 $11 {should be considered.} 14. Nxd4 (14. Bxd4 g6 $14) 14... d5) 14. Qf2 (14. Rad1 $14) 14... exd4 $1 $11 15. Bxd4 {[%emt 0:00:15] [#] Qg3 is the strong threat.} c5 $1 16. Qg3 g6 (16... cxd4 $11 17. Nh6+ Kh8 18. Nxf7+ Kg8) 17. Bxf6 $16 (17. Nxd6 Bxd6 18. Qxd6 cxd4 19. Qxd4 Rad8 $17) 17... Nxf6 18. Nxd6 c4 {[%emt 0:01:18] Strongly threatening ...Qb6+.} 19. Nxb7 $2 {[%emt 0:00:39] Pair of Knights!} (19. Nxe8 $16 Nxe8 20. Ba2) 19... Qb6+ $15 20. Kh1 $2 {[%emt 0:00:02] Loses the game.} (20. Qf2 $11 {and White has nothing to worry.} Qxb7 21. Ba2) 20... cxb3 $19 ({Inferior is} 20... Qxb7 21. Ba2 $11) 21. Qg5 h6 ({Not} 21... Qxb7 22. Qxf6 Bg7 23. Qh4 $11) 22. Qf4 Nh5 {[%emt 0:00:10] Prevents e5.} (22... Qxb7 23. Qxf6 Bg7 24. Qf4 $11) 23. Nd5 Qxb7 24. Qc7 Reb8 ({Weaker is} 24... Qxc7 25. Nxc7 Red8 26. Nxa8 bxc2 27. Nc7) 25. g4 Qxc7 26. Nxc7 Ra7 27. Nd5 Ng7 28. cxb3 Ne6 29. Rac1 Bg7 30. Rf2 Nd4 31. b4 Kh8 32. Kg2 f5 33. gxf5 gxf5 34. Kh3 Rf7 35. Rcf1 $2 (35. Rc7 Rbf8 36. Rxf7 Rxf7 37. exf5) 35... Rbf8 {[%emt 0:00:05] And now ...fxe4 would win.} 36. Kg2 $2 (36. Nf4 {might work better.} Rg8 37. Rd2) 36... fxe4 37. fxe4 Rxf2+ 38. Rxf2 Rxf2+ 39. Kxf2 Be5 {[%emt 0:00:03] Inhibits Nc7.} 40. Ne7 {[%emt 0:00:00] Hoping for Ng6+.} Kg7 {[%emt 0:00:05] Inhibits Ng6.} 41. Ke3 Kf7 {[%emt 0:00:25] Prevents h3.} 42. Nd5 Ne6 43. b3 Bxh2 44. a4 Be5 {[%emt 0:00:07] aiming for ...h5.} 45. axb5 axb5 46. Kf3 Ng5+ (46... h5 $142 47. Ne3 Nd4+ 48. Kg2 Nxb3 49. Kh3 Nd2 50. Kh4 Kg6 51. Nd5 Nf3+ 52. Kh3 Ng5+ 53. Kh4 Bd6 54. e5 Nf3+ 55. Kh3 Bxe5 56. Kg2 Nd4 57. Kf2 Kf5 58. Ne7+ Kg5 59. Kg2 Bd6 60. Nd5 Kf5 61. Kh3 Ke5 62. Ne3 Bxb4 63. Kg2 Bd2 64. Nd1 Kd5 65. Kh2 b4 66. Kg3 Bg5 67. Kh3 Ke4 68. Nf2+ Ke3 69. Nd1+ Kd2 70. Nb2 b3 71. Kh2 Nb5 72. Kg3 Kc3 73. Na4+ Kc2 74. Kg2 Nc3 75. Kf3 Nxa4 76. Ke4 Bd2 77. Kf3 b2 78. Ke4 b1=Q 79. Ke5 Qb6 80. Ke4 Qc6+ 81. Kf5 Nc5 82. Ke5 Qe6+ 83. Kd4 Be3#) 47. Ke3 h5 {[%emt 0:00:02][%cal Bh6h5,Bh5h4,Bh4h3][%mdl 32] Black mates.} 48. Nb6 Ke6 49. Nd5 h4 50. Nf4+ Bxf4+ 51. Kxf4 {[%emt 0:00:01] [#]} h3 $1 52. Kg3 Ke5 {[%emt 0:00:01] Weighted Error Value: White=0.80/Black=0.32} 0-1

[Event "Romanian Rapid Open 2022"]
[Site "Sebes"]
[Date "2022.12.02"]
[Round "7.12"]
[White "Oltean, Cristian-Daniel"]
[Black "Ghimpu, Samuel-Timotei"]
[Result "1/2-1/2"]
[ECO "B09"]
[WhiteElo "1896"]
[BlackElo "2455"]
[Annotator "TA"]
[PlyCount "121"]
[EventDate "2022.12.02"]
[EventType "rapid"]
[EventCountry "ROU"]
[SourceTitle "playchess.com"]
[Source "ChessBase"]
[SourceQuality "1"]
[TimeControl "600+5"]

1. d4 d6 2. e4 g6 3. Nc3 Bg7 4. f4 Nf6 5. Nf3 O-O 6. Bd3 Na6 7. O-O c5 8. d5 Bg4 {[%emt 0:00:33] 8...Bg4 scores better than 8...Rb8.} 9. Bc4 {[%emt 0:00:40] B09: Pirc Defence: Austrian Attack.} Rb8 10. Qe2 Nc7 11. a4 {[%emt 0:00:04] Prevents b5. White is slightly better.} a6 12. a5 b5 13. axb6 Rxb6 {[%emt 0:00:02] [#]} 14. Na4 $146 (14. Bxa6 $2 Qa8 15. e5 Nd7 $19) ({Predecessor:} 14. h3 Bc8 15. e5 Nd7 16. Rd1 Rb8 17. Bb3 Nb6 18. Ne4 h6 19. c4 f5 20. Ned2 e6 21. dxe6 Qe8 22. exd6 Nxe6 23. Qe3 Bb7 24. Re1 Nd4 {0-1 (24) Trevis,R-Nakamura,T IECG email 2004}) 14... Rb8 15. Nc3 ({Stronger than} 15. Bxa6 Nxa6 16. Qxa6 Nxe4 $17) 15... Nb5 16. Rxa6 Nxc3 17. bxc3 Nd7 18. Bd2 Qc7 19. Bb5 Rb6 20. Rfa1 ({White should play} 20. Ra4 $16) 20... Bxf3 $11 21. gxf3 Rfb8 22. Ra7 {[%emt 0:00:28] White is more active.} (22. Rxb6 $14 Nxb6 23. Kg2) 22... R6b7 23. Rxb7 Qxb7 24. Ra5 c4 {[%emt 0:00:11] Hoping for ...Qb6+.} ({Resist} 24... Qb6 25. c4 Nf6 26. e5 $16) 25. Qf2 (25. Qxc4 $2 Qb6+ 26. Kg2 Qxa5 $17) (25. Be3 $5 ) 25... Nc5 26. Bxc4 Qb1+ 27. Kg2 Qxc2 {[%emt 0:00:06][%cal Oc5e4] White must now prevent ...Nxe4!} 28. Ra2 Qb1 (28... Rb2 $1 $11 29. Rxb2 (29. Ra8+ $2 Bf8 $19) 29... Qxb2) 29. Be3 $2 {[%emt 0:00:19] [#]} (29. Qf1 $14) 29... Bxc3 $2 (29... Nxe4 $1 $17 30. Qc2 Qxc2+ 31. Rxc2 Nxc3) 30. Qc2 Qb4 31. Be2 h5 32. Bxc5 ({Better is} 32. Qd1 $11) 32... Qxc5 $15 33. Qd3 Bf6 34. Rc2 Qb4 35. Rc6 (35. Qd2 $15) 35... Qe1 $17 {[%emt 0:00:05] ...Rb1 is the strong threat.} 36. Qd1 {[%emt 0:00:08] [#]} Qh4 37. Qc1 $2 {[%emt 0:00:17] [#]} (37. Rc4 $17 {was worth a try.}) 37... Rb2 (37... Bd4 $1 $19 {has better winning chances. ( -> ...Qf2+)} 38. Rc2 Qf2+ 39. Kh3 Rb3) 38. Rc2 Rxc2 39. Qxc2 Qxf4 {[%emt 0:00:01][%mdl 4096] Endgame Threatens to win with ...Be5. KQB-KQB} 40. Qc8+ $2 (40. Kh1 $17) 40... Kg7 $19 41. Qh3 $2 (41. Bb5) 41... Be5 $2 (41... Qd2 $19 42. Kf1 Qc1+ 43. Kg2 Qc2) 42. Qg3 $17 Qe3 43. Qe1 f5 44. Qf2 Qxf2+ (44... Qf4 $142 45. Qg3 Qd2) 45. Kxf2 fxe4 {[%emt 0:00:05] KB-KB} 46. h3 Bd4+ 47. Kg3 exf3 48. Bxf3 Kf6 49. Be2 e6 50. dxe6 Kxe6 51. Bd3 Kf6 52. Be4 Be5+ 53. Kf3 g5 54. Bd5 g4+ (54... Kf5 $15) 55. hxg4 $11 {[%emt 0:00:02] The position is equal.} h4 56. Kg2 Kg5 57. Be6 Bf6 58. Kh3 Kf4 59. Ba2 Bg5 60. Kh2 Kxg4 61. Kh1 {[%emt 0:00:01] And White is the lucky defender.   Weighted Error Value: White=0.39/Black=0.35} 1/2-1/2

[Event "Romanian Rapid Open 2022"]
[Site "Sebes"]
[Date "2022.12.02"]
[Round "7.13"]
[White "Dan, Cantemir-Dorian"]
[Black "Sfarlog, Tudor-Vlad"]
[Result "1-0"]
[ECO "B08"]
[WhiteElo "2036"]
[BlackElo "2283"]
[Annotator "TA"]
[PlyCount "77"]
[EventDate "2022.12.02"]
[EventType "rapid"]
[EventCountry "ROU"]
[SourceTitle "playchess.com"]
[Source "ChessBase"]
[SourceQuality "1"]
[TimeControl "600+5"]

1. e4 g6 2. Nc3 Bg7 3. d4 d6 4. Be2 Nf6 5. Nf3 O-O 6. O-O c6 7. a4 Qc7 8. Re1 e5 9. d5 {[%emt 0:00:25] B08: Pirc Defence: Classical System.} cxd5 10. Nxd5 Nxd5 11. exd5 {[%emt 0:00:05] [#] The position is equal.} Nd7 $146 ({Predecessor:} 11... a5 12. c4 Na6 13. b3 Bf5 14. Nh4 e4 15. Rb1 Bd7 16. g3 Nc5 17. Bb2 Bxb2 18. Rxb2 {0-1 (43) Gromotka,H-Serner,A GER email 2000}) 12. c4 a5 13. Ra3 h6 14. Qc2 Nc5 15. Bd2 $2 (15. Be3 $15) 15... f5 $2 (15... e4 $1 $19 16. Nh4 g5) 16. Bc3 $17 g5 17. Nd2 g4 18. f3 h5 19. Kh1 Qd8 20. Nb3 b6 21. Nxc5 bxc5 22. Qd2 f4 23. Bf1 (23. Rb3 $11) 23... Bf5 (23... Bf6 $17 {White must now prevent ...Bh4.} 24. Bd3 Bh4) 24. Kg1 {[%emt 0:00:08] [#]} (24. Bd3 $11) 24... Qg5 $1 25. fxg4 $2 (25. Kh1 $17) 25... hxg4 $19 26. g3 Bg6 27. gxf4 Rxf4 {[%emt 0:00:02] Strongly threatening ...g3.} (27... Qxf4 28. Qxf4 exf4 29. Re6 $15) 28. Qg2 {[%emt 0:00:05] Inhibits g3.} g3 $2 ({Black should play} 28... Raf8 $19 {[%cal Og6e4] Threatens to win with ...Be4!} 29. Bd2 {[#]} Qh5 $1 30. Bxf4 exf4) 29. hxg3 $11 Rg4 (29... Rf7 $11) 30. Bd2 $16 Qe7 31. Be2 {[%emt 0:00:11] Inhibits e4.} Be4 $2 (31... Rd4 $16 32. Bc1 Qd7) 32. Qh3 $18 {[%emt 0:00:11] White is clearly winning.} Rg6 33. Bh5 Bc2 34. Bxg6 Bxg6 35. Qg4 Qe8 36. Rb3 {[%emt 0:00:09] Hoping for Rb7.} e4 (36... Bh5 $142 37. Qg5 Qg6 38. Qxg6 Bxg6) 37. Rb7 {[%emt 0:00:05] Intending Bc3 and mate.} Bd4+ 38. Be3 {[%emt 0:00:10] Threatening mate with Bxd4.} Bg7 39. Kg2 {[%emt 0:00:10] Weighted Error Value: White=0.57/Black=0.60} 1-0

[Event "Romanian Rapid Open 2022"]
[Site "Sebes"]
[Date "2022.12.02"]
[Round "7.14"]
[White "Anghel, Iulian-Mihai"]
[Black "Itkis, Boris"]
[Result "1-0"]
[ECO "B07"]
[WhiteElo "2061"]
[BlackElo "2343"]
[Annotator "TA"]
[PlyCount "89"]
[EventDate "2022.12.02"]
[EventType "rapid"]
[EventCountry "ROU"]
[SourceTitle "playchess.com"]
[Source "ChessBase"]
[SourceQuality "1"]
[TimeControl "600+5"]

1. e4 d6 2. d4 Nf6 3. Nc3 g6 4. Be3 c6 5. f3 Qb6 6. Qc1 Qc7 {[%emt 0:00:04] B07: Pirc Defence: Miscellaneous Systems.} 7. a4 Nbd7 8. Bc4 (8. Qd2 $16) 8... Bg7 {[%emt 0:00:05][%cal Od6d5] [#] White is slightly better.} 9. a5 $146 ({Predecessor:} 9. Nge2 a5 10. Bh6 Bxh6 11. Qxh6 d5 12. Bb3 dxe4 13. fxe4 e5 14. Qg7 Rf8 15. O-O {1-0 (49) Toth,T (2112)-Dobai,S (2138) Hungary 2018}) 9... O-O 10. Nge2 Rb8 11. O-O (11. Bb3 {feels hotter.} e5 12. h4 exd4 13. Bxd4 Re8 14. Qg5) 11... b5 12. axb6 axb6 13. d5 b5 14. Ra7 (14. Bb3 {simplifies} cxd5 15. Nxd5 Nxd5 16. exd5 Nb6 17. Nc3) 14... Rb7 (14... Bb7 {is interesting.} 15. dxc6 bxc4 16. cxd7 Ra8) 15. Rxb7 Bxb7 16. dxc6 $1 bxc4 17. cxd7 Qxd7 18. Bh6 Qc7 19. Bxg7 Qb6+ 20. Kh1 Kxg7 21. Qd2 Rb8 22. Rb1 Bc6 23. Qd4 Qxd4 24. Nxd4 {[%emt 0:00:01] Pair of Knights!} Bd7 25. Kg1 e5 26. Nde2 Kf8 27. b4 cxb3 28. cxb3 Be6 29. b4 Bc4 30. Kf2 Ke7 31. Ke3 Nd7 32. Nc1 (32. Na4 $5) 32... Kd8 33. Nd3 Ra8 34. Nb2 Bb3 35. Nd3 Be6 36. Nb5 Rb8 37. Nc3 ({Don't play} 37. Nxd6 Ke7 38. Nxf7 Bxf7 $17) 37... Nb6 38. Nb2 Ra8 39. Rc1 (39. g4 $11) 39... Ra3 $17 40. Kd2 Rb3 41. Nd3 {[%emt 0:00:06] [#]} Nc4+ $1 42. Ke2 Kc7 $2 (42... Nb2 $17 {Threatens to win with ...Bc4.} 43. Nf2 Rxb4) 43. Nd5+ $18 {[%emt 0:00:08] White is clearly winning.} Kd8 44. Rxc4 Ra3 45. b5 {[%emt 0:00:00] Weighted Error Value: White=0.09 (flawless) /Black=0.29 (precise)} 1-0

[Event "Romanian Rapid Open 2022"]
[Site "Sebes"]
[Date "2022.12.02"]
[Round "7.15"]
[White "Ciorgovean, Iustin"]
[Black "Ghita, Vlad-Bogdan"]
[Result "1-0"]
[ECO "A07"]
[WhiteElo "2319"]
[BlackElo "1938"]
[Annotator "TA"]
[PlyCount "115"]
[EventDate "2022.12.02"]
[EventType "rapid"]
[EventCountry "ROU"]
[SourceTitle "playchess.com"]
[Source "ChessBase"]
[SourceQuality "1"]
[TimeControl "600+5"]

1. Nf3 d5 2. g3 g6 3. Bg2 Bg7 4. O-O c6 5. d3 Nf6 6. Nbd2 O-O 7. e4 Bg4 8. h3 Bxf3 9. Qxf3 e5 {[%emt 0:00:16] A07: Réti Opening: New York and Capablanca Systems.} 10. Qe2 Re8 {[%emt 0:00:04] [#]} 11. Kh2 $146 ({Predecessor:} 11. Nb3 Nbd7 12. Be3 Qc7 13. c4 d4 14. Bc1 c5 15. f4 a6 16. g4 exf4 17. Bxf4 {1-0 (37) Acor,C (2223)-Spitzl,V (2346) Chess.com INT 2020}) 11... Nbd7 12. a4 Qc7 13. a5 Rad8 14. Nb3 Qd6 15. c3 h6 16. Be3 c5 17. Rfd1 d4 18. cxd4 cxd4 19. Bd2 Rc8 (19... Qe6 $5 20. Nc1 Rc8 $15) 20. Rdc1 Qa6 21. Bf1 Qb5 22. Qd1 Nh7 23. Rc4 Rxc4 24. dxc4 Qc6 25. Bd3 Nhf8 (25... Ng5 {is interesting.} 26. f3 Qf6 27. Kg2 Qe6) 26. h4 h5 27. g4 $2 (27. f3 $11 {and White is okay.}) 27... hxg4 28. Qxg4 Nf6 29. Qf3 Nh5 30. Nc1 Ne6 31. Ne2 (31. Kg1 $17 {was called for.}) 31... Nc5 $1 $19 32. b4 {[%emt 0:00:12] Prevents f5.} Nb3 {[%emt 0:00:10][%csl LRa1,LRd2] Pair of Knights!} 33. Ra2 Nxd2 34. Rxd2 Bh6 (34... Qa4 $19 35. Rb2 Qa3) 35. Rd1 (35. Ra2 $17 {is a better defense.}) 35... Re6 {[%emt 0:00:01] White must now prevent ...Rf6.} 36. Rg1 Bf4+ 37. Kh1 Kh7 (37... Kf8 $19 {aiming for ...Rf6.} 38. Ng3 Bxg3 39. fxg3 Qa4) 38. c5 {[%emt 0:00:12] [#]} (38. Ng3 $17 {might work better.} Ng7 39. h5) 38... Qa4 $2 (38... Rf6 $1 $19 39. Qg2 Bd2) 39. Rb1 (39. Ng3 $1 $15 Ng7 40. Rb1) 39... Qa3 $2 ({Better is} 39... Kg7 $19 {And now ...Rf6 would win.} 40. Qh3 Rf6) 40. Kg2 $2 {[%emt 0:00:05][%mdl 8192] [#]} (40. Ng3 $1 $11 {and White has nothing to worry.}) 40... Rf6 $1 41. Bc4 {[%emt 0:00:06] [#]} Be3 $1 42. Qxf6 (42. Qh3 Rxf2+) 42... Nxf6 43. fxe3 Qxe3 44. Rf1 d3 45. Ng3 Kg7 46. Rf3 Qd2+ 47. Kh3 Qxb4 48. Bxd3 Qxc5 49. h5 Qxa5 50. h6+ Kxh6 51. Rxf6 Kg7 52. Rd6 (52. Rf3 $142 Qc5 53. Bb1) 52... Qd2 53. Rd5 a5 54. Bb5 Qh6+ 55. Kg2 Qf4 56. Bd7 b6 57. Bb5 f5 $2 (57... Qe3 $19 58. Rxe5 Qb3) 58. exf5 $1 {[%emt 0:00:01][%mdl 32768] Weighted Error Value: White=0.64/Black=0.50. Loss on time!?} 1-0

[Event "Romanian Rapid Open 2022"]
[Site "Sebes"]
[Date "2022.12.02"]
[Round "7.16"]
[White "Cnejev, Vladimir-Alexandru"]
[Black "Balaban-Voia, Alexandru"]
[Result "1/2-1/2"]
[ECO "B07"]
[WhiteElo "2293"]
[BlackElo "1994"]
[Annotator "TA"]
[PlyCount "118"]
[EventDate "2022.12.02"]
[EventType "rapid"]
[EventCountry "ROU"]
[SourceTitle "playchess.com"]
[Source "ChessBase"]
[SourceQuality "1"]
[TimeControl "600+5"]

1. e4 g6 2. d4 Bg7 3. c3 d6 4. Bd3 e5 5. Nf3 Nd7 6. O-O Ngf6 7. Nbd2 O-O 8. Re1 b6 9. a4 a6 {[%emt 0:00:20] B07: Pirc Defence: Miscellaneous Systems.} 10. dxe5 {[%emt 0:00:45] [#]} Nxe5 $146 ({Predecessor:} 10... dxe5 11. Nc4 Bb7 12. b4 Nh5 13. Bg5 Qe8 14. Qc2 h6 15. Be3 Qe7 16. Rad1 Kh8 {0-1 (48) Antonova,N (1877)-McCoy,O (2075) Chess.com INT 2021}) 11. Nxe5 dxe5 {[%emt 0:00:02] White has an edge.} 12. Nc4 Re8 13. Qc2 Bb7 14. b4 Nd7 15. Be3 Qe7 16. Rad1 Nf8 17. a5 b5 18. Nd2 Ne6 19. Nb3 {[%emt 0:00:02] Prevents c5.} Rad8 20. Nc5 Nxc5 21. Bxc5 Qe6 22. c4 c6 23. Bb6 Rd7 24. Be2 Ree7 25. h3 h5 26. Bc5 Rxd1 $1 27. Rxd1 Rd7 28. Rxd7 Qxd7 29. Qc3 f6 30. Qe3 Kh7 31. Kf1 Bh6 32. Qd3 (32. Qb3 {with more complications.} Qd2 33. cxb5 Qc1+ 34. Bd1) 32... Qxd3 33. Bxd3 $11 {[%emt 0:00:00][%mdl 4096] Endgame KBB-KBB} Kg7 34. Ke2 Kf7 35. Bb1 Ke6 ({Don't play} 35... bxc4 36. Ba2 $16) (35... Bc8 $5) 36. Ba2 Kd7 37. Kd3 h4 38. g3 g5 39. gxh4 gxh4 40. Be3 (40. cxb5 $11 cxb5 41. Bf7) 40... Bf8 ({Black should play} 40... Bxe3 $17 41. Kxe3 Bc8) 41. c5 {[%emt 0:00:00] The position is equal.} Ke7 42. f3 Bc8 43. Bf2 Bxh3 {[%emt 0:00:02] [#] ...Bf1+ is the strong threat.} 44. Bxh4 Be6 45. Bb1 Bh6 46. Ke2 Bc4+ 47. Ke1 Ke6 48. Bf2 Bc1 {[%emt 0:00:03] [#] Hoping for ...Ba3.} 49. Kd1 $1 Bf4 (49... Ba3 $5 50. Be1 $8 Bb2 $11) 50. Bc2 Bh6 51. Be1 Bf4 52. Bd2 Bg3 53. Be3 Ke7 54. Kd2 Ke6 55. Bd1 Kf7 56. Bg1 Bf4+ 57. Be3 Bg3 58. Bg1 Bf4+ 59. Be3 Bg3 {[%emt 0:00:01] Weighted Error Value: White=0.11 (very precise) /Black=0.07 (flawless)} 1/2-1/2

[Event "Romanian Rapid Open 2022"]
[Site "Sebes"]
[Date "2022.12.02"]
[Round "7.17"]
[White "Tudor, Henry Edward"]
[Black "Nastore, Pavel-Alexandru"]
[Result "0-1"]
[ECO "A67"]
[WhiteElo "1943"]
[BlackElo "2218"]
[Annotator "TA"]
[PlyCount "112"]
[EventDate "2022.12.02"]
[EventType "rapid"]
[EventCountry "ROU"]
[SourceTitle "playchess.com"]
[Source "ChessBase"]
[SourceQuality "1"]
[TimeControl "600+5"]

1. d4 Nf6 2. c4 e6 3. Nc3 c5 4. d5 exd5 5. cxd5 d6 6. e4 g6 7. f4 Bg7 8. Bb5+ Nfd7 9. a4 O-O 10. Nf3 Na6 11. O-O Nb4 $1 {[%emt 0:00:01] 11...Nb4 scores better than 11...Nc7.} 12. Be3 a6 {[%emt 0:00:05] A67: Modern Benoni: Taimanov Variation.} 13. Be2 Re8 14. Nd2 $2 {[%emt 0:00:32] [#]} (14. Bf2 $11) 14... Nf6 $2 (14... Bxc3 $1 $17 15. bxc3 Nxd5 16. exd5 Rxe3) 15. Bf2 $14 Qc7 {[%emt 0:01:13] [#]} 16. Bf3 $146 (16. Bg3 $16) ({Predecessor:} 16. Bg3 Rb8 17. f5 Nd7 18. Nc4 Ne5 19. Bxe5 Bxe5 20. Nxe5 Rxe5 21. Qd2 Qe7 22. Rf3 gxf5 {0-1 (44) Van Zyl Rudd,J (2277)-Fernandes,A (2353) Port Elizabeth 2020}) 16... Nd3 $11 17. Be3 (17. Nc4 $5 Nxf2 18. Rxf2 $11 (18. Kxf2 Rb8 $11)) 17... c4 (17... Bg4 $5) 18. Rb1 Rb8 (18... Nd7 $11) 19. a5 $1 $14 Nd7 20. Be2 {[%emt 0:01:29] [#]} (20. Qa4 $16 {Strongly threatening Bb6.} Nxb2 21. Rxb2 Bxc3 22. Ra2 (22. Qxc4 Qxc4 23. Nxc4 Bxb2 $17) (22. Bb6 Nxb6 23. Qxe8+ Kg7 $16)) 20... Nxb2 $1 21. Qc2 (21. Rxb2 Bxc3) 21... Nd3 22. Na4 N3c5 23. Nxc5 (23. e5 $14) 23... Nxc5 $17 {[%emt 0:00:03] Black converts the advantage convincingly.} 24. Qxc4 Qxa5 25. e5 (25. Bxc5 $17 dxc5 26. Nb3) 25... b5 $19 26. Qc1 Bf5 27. Ra1 Na4 28. Nb3 (28. Nf3 $142) 28... Qd8 29. Nd4 Rc8 30. Nc6 Qd7 {[%emt 0:00:00][%cal Rd6e5] Prevents g4.} ({Weaker is} 30... dxe5 31. Nxd8 Rxc1 32. Raxc1 $17 (32. Rfxc1 $2 {too greedy.} exf4 33. Bxf4 Bxa1 $19)) 31. Rxa4 (31. Qd2 {might work better.}) 31... bxa4 32. Bxa6 Rc7 33. Bb6 dxe5 34. Bxc7 Qxc7 35. fxe5 $2 (35. Qe3 Ra8 36. Bc4 exf4 37. Qxf4 Qxf4 38. Rxf4) 35... Bxe5 (35... Qb6+ $142 36. Kh1 Qxa6) 36. Re1 $2 (36. Nxe5 Qb6+ 37. Kh1 Qxa6 38. Nxf7 Kxf7 39. g4) 36... Qb6+ 37. Kh1 Qxa6 38. Nxe5 Qa5 39. Qd1 (39. Re3 $142 Qb5 40. Kg1) 39... a3 40. Nf3 Rxe1+ {[%emt 0:00:04] Black mates.} 41. Nxe1 {[%emt 0:00:01] KQB-KQN} a2 42. Qa1 Bb1 43. Nf3 Qxd5 44. h3 Be4 45. Ne1 Qd2 46. Kh2 h5 47. Kh1 h4 48. Kh2 Bd5 49. Qe5 Be6 50. Qa1 Qf4+ 51. Kh1 Qf1+ 52. Kh2 Qb5 53. Nc2 Qb3 54. Qd1 Qb8+ 55. Kh1 Qb1 56. Qg1 Qxc2 {[%emt 0:00:03] Weighted Error Value: White=0.76/Black=0.39} 0-1

[Event "Romanian Rapid Open 2022"]
[Site "Sebes"]
[Date "2022.12.02"]
[Round "7.18"]
[White "Teodorescu, Razvan"]
[Black "Coicev, Matei-Andrei"]
[Result "0-1"]
[ECO "E16"]
[WhiteElo "2118"]
[BlackElo "2009"]
[Annotator "TA"]
[PlyCount "71"]
[EventDate "2022.12.02"]
[EventType "rapid"]
[EventCountry "ROU"]
[SourceTitle "playchess.com"]
[Source "ChessBase"]
[SourceQuality "1"]
[TimeControl "600+5"]

1. d4 Nf6 2. c4 e6 3. Nf3 Bb4+ 4. Bd2 a5 5. g3 b6 6. Bg2 Bb7 7. O-O O-O 8. Bf4 Be7 9. Nc3 Ne4 10. Qc2 Nxc3 11. Qxc3 d6 12. Rad1 Nd7 13. Ne1 {[%emt 0:00:29] E16: Queen's Indian: 4 g3 Bb7 5 Bg2 Bb4+.} Bxg2 14. Kxg2 {[%emt 0:00:01] [#]} Bf6 $146 ({Predecessor:} 14... c6 15. Nd3 Qc8 16. Qb3 Qb7 17. f3 a4 18. Qb4 c5 19. dxc5 dxc5 20. Qc3 Rfd8 {1-0 (51) Akdag,D (2251)-Sloth,J (2340) Denmark 2013}) 15. Qc2 {[%emt 0:00:21] The position is equal.} Qe7 16. b3 Rad8 17. e4 {[%emt 0:00:27] [#]} (17. Nf3 $11) 17... Bxd4 $1 $15 18. Rxd4 {[%emt 0:00:28] Hoping for Be3.} e5 19. Bxe5 dxe5 20. Rd1 Nc5 21. Nf3 f6 22. Rfe1 Rxd1 23. Rxd1 Rd8 24. Rxd8+ Qxd8 $11 {[%emt 0:00:01][%mdl 4096] Endgame KQN-KQN} 25. Nd2 (25. Qd2 $15 Qd3 26. a3) 25... Qd4 $17 {[%emt 0:00:26] Black is more active.} 26. f3 $2 (26. Nf1) 26... Nd3 $19 27. Qd1 {[%emt 0:00:47] [#]} Qf2+ $1 28. Kh3 Ne1 29. Kg4 g6 30. Nf1 h5+ (30... Qxf1 31. Qd8+ Kg7 32. Qe7+ Kg8 33. Qd8+ Kg7 34. Qe7+ Kg8 35. Qd8+ $11) 31. Kh4 Nxf3+ ({And not} 31... Qxf1 32. Qd8+ Kh7 33. Qe7+ Kh8 34. Qf8+ Kh7 35. Qe7+ (35. Qf7+ Kh8 $11) 35... Kh8 36. Qf8+ Kh7 37. Qe7+ $11 (37. Qf7+ Kh8 $11)) 32. Kh3 Ng5+ 33. Kh4 Qg2 $2 ({Not} 33... Nxe4 34. Qd8+ Kh7 35. Qe7+ Kg8 36. Qe8+ Kh7 37. Qe7+ Kg8 38. Qe8+ Kh7 39. Qe7+ $11) (33... Kg7 {mates} 34. c5 Qg2 35. Qd7+ Kh6 36. Qh7+ Kxh7 37. cxb6 Qh3#) 34. Qd8+ $11 Kg7 35. Qd7+ $2 (35. Qe7+ $11 Nf7 36. Qe6 Qxf1 37. Qc8 Ng5 38. Qd7+ Kh6 39. Qg4 hxg4 40. Kxg4 Qh3#) 35... Nf7 36. Qh3 {[%emt 0:00:14] Weighted Error Value: White=0.86/Black=0.28 (precise)} 0-1